 Dungeon Sprint DCSS version 0.30-a0-800-g7c544603b3 (webtiles) character file.

Game seed: 11498954938069362487

10500000 BigDaddyOpFi the Intangible (level 27, -108/228 HPs)
             Began as a Djinni Warper on Feb 23, 2023.
             Was the Champion of Makhleb.
             Annihilated by The Servant
             ... wielding a +9 glaive of flaming
              (139 damage)
             ... in the Dungeon (Sprint VIII: "Arena of Blood").
             The game lasted 00:02:51 (105 turns).

BigDaddyOpFi the Intangible (Djinni Warper)          Turns: 105, Time: 00:02:52

Health: -108/228   AC:  6    Str: 16    XL:     27
Gold:   0          EV: 30    Int: 18    God:    Makhleb [******] SH:  0 Dex: 18

rFire   + + .      SeeInvis .    h - +∞ Axe of Woe
rCold   x . .      Faith    .    (shield currently unavailable)
rNeg    . . .      Spirit   .    a - +0 leather armour
rPois   ∞          Reflect  .    (no helmet)
rElec   .          Harm     .    (no cloak)
rCorr   .          Rampage  .    (no gloves)
Will    ++...      NoTele   +    (boots unavailable)
Stlth   +++++++++                (no amulet)
HPRegen 0.58/turn                (no ring)
MPRegen 0.00/turn                (no ring)

@: flying, slowed, very slow
A: sickness immunity, fire resistance 2, cold vulnerability 1, float, innate
caster, HP casting, extra vitality 1
a: Renounce Religion, Minor Destruction, Lesser Servant of Makhleb, Major
Destruction, Greater Servant of Makhleb


You were in the Dungeon.
You worshipped Makhleb.
Makhleb was exalted by your worship.
You visited 1 branch

Inventory:

Hand Weapons
 h - the +∞ Axe of Woe (weapon)
   (You found it in the Dungeon)
Missiles
 c - 7 boomerangs of dispersal (quivered)
Armour
 a - a +0 leather armour (worn)
Scrolls
 b - 2 scrolls of blinking
Potions
 d - a potion of curing
 e - a potion of heal wounds
 f - a potion of haste
 g - a potion of berserk rage


   Skills:
 O Level 27 Fighting
 O Level 27 Short Blades
 O Level 27 Long Blades
 O Level 27 Axes
 O Level 27 Maces & Flails
 O Level 27 Polearms
 O Level 27 Staves
 O Level 27 Ranged Weapons
 O Level 27 Throwing
 O Level 27 Armour
 O Level 27 Dodging
 O Level 27 Stealth
 O Level 27 Shields
 O Level 27 Unarmed Combat
 O Level 27 Spellcasting
 O Level 27 Invocations
 O Level 27 Evocations


You knew the following spells:

 Your Spells              Type           Power      Damage    Failure   Level
a - Blink                 Tloc           100%       N/A       0%          2
b - Lesser Beckoning      Tloc           100%       N/A       0%          2
c - Vhi's Electric Charg  Tloc/Air       100%       N/A       0%          3
d - Teleport Other        Tloc           88%        N/A       0%          3
e - Manifold Assault      Tloc           88%        N/A       0%          4
f - Sandblast             Erth           100%       2d20      0%          1
g - Call Imp              Summ           88%        N/A       0%          2
h - Vampiric Draining     Necr           88%        2d12      0%          3
i - Cause Fear            Hex            44%        N/A       0%          4
j - Irradiate             Conj/Tmut      44%        3d26      0%          5
k - Summon Mana Viper     Hex/Summ       88%        N/A       0%          5
l - Dispersal             Tloc           44%        N/A       0%          6
m - Death Channel         Necr           44%        N/A       0%          6
n - Malign Gateway        Summ/Tloc      44%        N/A       1%          7
o - Ignition              Fire           44%        3d13      1%          8
p - Disjunction           Tloc           44%        N/A       1%          8
q - Necromutation         Tmut/Necr      44%        N/A       1%          8
r - Dragon's Call         Summ           44%        N/A       2%          9
Your spell library was empty.

Dungeon Overview and Level Annotations

Branches:
Dungeon (1/1)

Altars:
Makhleb

Annotations:
D The Servant


Innate Abilities, Weirdness & Mutations

You are immune to sickness and miasma.
You are immune to poison.
Your flesh is very heat resistant. (rF++)
You are vulnerable to cold. (rC-)
You float through the air rather than walking.
You learn spells naturally, not from books.
Your magical power is your life essence.
You have superior vitality. (+4 MHP)


Message History

The dread is engulfed in blazing flames.
The large bag of meat is engulfed in blazing flames.
Unknown command.
You hear a shout! x3
The meat beast bites you! The meat beast tramples you.
You are shoved backwards!
You hear a shout!
The Servant is engulfed in blazing flames.
You hear a shout! x3
The meat beast bites you!
* * * LOW HITPOINT WARNING * * *
The meat beast tramples you.
* * * LOW HITPOINT WARNING * * *
You hold your ground!
You hear a shout!
The accursed casts a spell at you. Something smites you!
* * * LOW HITPOINT WARNING * * *
The Servant hits you from afar with a +9 glaive of flaming!!
* * * LOW HITPOINT WARNING * * *
The Servant burns you.
* * * LOW HITPOINT WARNING * * *
The bag of meat is engulfed in blazing flames.
An eight-headed meat hydra comes into view.
You hear a shout! x2
A dread comes into view.
You hear a shout!
Unknown command.
You slice the meat beast!!
You pulverise the meat beast into a thin bloody mist.
You kill the meat beast!
Makhleb accepts your kill.
You feel better.
You hear a shout! x4
A bag of meat comes into view. It is wielding a +9 war axe.
The bag of meat is engulfed in blazing flames.
You hear a shout!
The Servant hits you from afar with a +9 glaive of flaming!!!!
Ouch! That really hurt!
You die...

.. ..... #.. ...#
#.. ...# . .###..
...###..
......###...Wo.
o....._..o..
#.))).# #_)<)_#
#.@)O)#
........_@MooMoo.
......o###Wo°....
..###.. ..o###..
. #.o §..# . #..
...# .z. ...§o
D... ....


You could see 2 accurseds, The Servant, an eight-headed meat hydra, a sculptor
of flesh, a large bag of meat (inner flame), 2 dreads and 9 bags of meat.

Vanquished Creatures
  7 hell beasts (D)
  3 royal mummies (D)
  A great orb of eyes (D)
  4 wraiths (D)
  13 vampire knights (D)
  41 ogres (D)
  3 two-headed ogres (D)
  3 liches (D)
  A hydra (D)
  5 phantoms (D)
  64 orcs (D)
  4 skeletal warriors (D)
  A sea snake (D)
150 creatures vanquished.

Vanquished Creatures (others)
  A two-headed ogre (D)
1 creature vanquished.

Grand Total: 151 creatures vanquished

Notes
Turn   | Place    | Note
-------+----------+-------------------------------------------
     0 | D        | Found the +∞ Axe of Woe
     0 | D        | BigDaddyOpFi the Djinni Warper began the quest for the Orb.
     0 | D        | BigDaddyOpFi set off with the following spells memorised:
                  | Blink, Lesser Beckoning, Vhi's Electric Charge, Teleport
                  | Other, Manifold Assault.
     0 | D        | Reached XP level 1. HP: 18/18 MP: 0/0
     0 | D        | Noticed a meat berserker
     3 | D        | Noticed a meat berserker
     3 | D        | Noticed a bag of meat
     4 | D        | Became a worshipper of Makhleb the Destroyer
     4 | D        | Noticed a bag of meat
     5 | D        | Killed a meat berserker
     6 | D        | Reached skill level 10 in Throwing
     6 | D        | Reached skill level 10 in Spellcasting
     6 | D        | Reached XP level 2. HP: 39/39 MP: 0/0
     6 | D        | Reached XP level 3. HP: 44/44 MP: 0/0
     6 | D        | Learned a level 1 spell: Sandblast
     6 | D        | Reached XP level 4. HP: 50/50 MP: 0/0
     6 | D        | Reached XP level 5. HP: 56/56 MP: 0/0
     6 | D        | Learned a level 2 spell: Call Imp
     6 | D        | Reached XP level 6. HP: 62/62 MP: 0/0
     6 | D        | Reached XP level 7. HP: 67/67 MP: 0/0
     6 | D        | Learned a level 3 spell: Vampiric Draining
     6 | D        | Reached XP level 8. HP: 74/74 MP: 0/0
     6 | D        | Reached XP level 9. HP: 79/79 MP: 0/0
     6 | D        | Learned a level 4 spell: Cause Fear
     6 | D        | Reached XP level 10. HP: 85/85 MP: 0/0
     6 | D        | Reached XP level 11. HP: 90/90 MP: 0/0
     6 | D        | Learned a level 5 spell: Irradiate
     6 | D        | Reached XP level 12. HP: 96/96 MP: 0/0
     8 | D        | Killed a meat berserker
     8 | D        | Reached * piety under Makhleb
     8 | D        | Noticed a bag of meat
     8 | D        | Noticed a meat berserker
     9 | D        | Reached skill level 5 in Axes
     9 | D        | Reached skill level 15 in Dodging
     9 | D        | Reached XP level 13. HP: 61/105 MP: 0/0
     9 | D        | Learned a level 5 spell: Summon Mana Viper
     9 | D        | Killed a bag of meat
     9 | D        | Killed a bag of meat
    10 | D        | Reached skill level 15 in Fighting
    10 | D        | Reached skill level 15 in Armour
    10 | D        | Reached XP level 14. HP: 67/114 MP: 0/0
    10 | D        | Killed a bag of meat
    10 | D        | Reached ** piety under Makhleb
    11 | D        | Noticed a meat berserker
    12 | D        | Killed a meat berserker
    13 | D        | Reached skill level 10 in Stealth
    13 | D        | Reached XP level 15. HP: 73/122 MP: 0/0
    13 | D        | Learned a level 6 spell: Dispersal
    13 | D        | Noticed a meat berserker
    14 | D        | Killed a meat berserker
    14 | D        | Noticed a meat berserker
    15 | D        | Reached skill level 10 in Axes
    15 | D        | Killed a meat berserker
    15 | D        | Reached *** piety under Makhleb
    16 | D        | Reached skill level 15 in Throwing
    16 | D        | Reached XP level 16. HP: 132/132 MP: 0/0
    18 | D        | Killed a meat berserker
    20 | D        | Noticed a meat berserker
    20 | D        | Noticed a destroyer
    21 | D        | Noticed a meat berserker
    22 | D        | Noticed a meat berserker
    23 | D        | Noticed a large bag of meat
    23 | D        | Noticed a meat berserker
    24 | D        | Killed a destroyer
    24 | D        | Noticed a meat berserker
    25 | D        | Reached skill level 15 in Spellcasting
    25 | D        | Reached skill level 15 in Invocations
    25 | D        | Reached XP level 17. HP: 72/142 MP: 0/0
    25 | D        | Learned a level 6 spell: Death Channel
    25 | D        | Noticed a destroyer
    25 | D        | Killed a large bag of meat
    25 | D        | Reached **** piety under Makhleb
    25 | D        | Killed a meat berserker
    26 | D        | Reached skill level 15 in Stealth
    26 | D        | Reached XP level 18. HP: 76/151 MP: 0/0
    26 | D        | Killed a meat berserker
    26 | D        | Killed a meat berserker
    26 | D        | Killed a meat berserker
    26 | D        | Reached ***** piety under Makhleb
    26 | D        | Noticed a meat berserker
    27 | D        | Reached XP level 19. HP: 82/162 MP: 0/0
    27 | D        | Learned a level 7 spell: Malign Gateway
    27 | D        | Noticed a meat berserker
    28 | D        | Killed a meat berserker
    28 | D        | Killed a meat berserker
    28 | D        | Noticed a large bag of meat
    29 | D        | Noticed a meat berserker
    31 | D        | Reached XP level 20. HP: 173/173 MP: 0/0
    31 | D        | Killed a large bag of meat
    31 | D        | Killed a destroyer
    31 | D        | Reached ****** piety under Makhleb
    31 | D        | Noticed a meat berserker
    32 | D        | Reached skill level 27 in Dodging
    32 | D        | Killed a meat berserker
    33 | D        | Reached XP level 21. HP: 177/185 MP: 0/0
    33 | D        | Learned a level 8 spell: Ignition
    35 | D        | Killed a meat berserker
    36 | D        | Reached skill level 27 in Fighting
    36 | D        | Reached skill level 27 in Armour
    36 | D        | Killed a meat berserker
    36 | D        | Noticed a meat berserker
    37 | D        | Noticed a meat berserker
    37 | D        | Noticed a destroyer
    38 | D        | Reached XP level 22. HP: 190/194 MP: 0/0
    39 | D        | Reached skill level 27 in Invocations
    39 | D        | Noticed a meat berserker
    40 | D        | Noticed a large bag of meat
    41 | D        | Noticed a meat berserker
    41 | D        | Noticed an eight-headed meat hydra
    42 | D        | Killed a meat berserker
    43 | D        | Reached skill level 27 in Throwing
    43 | D        | Reached skill level 27 in Stealth
    44 | D        | Reached skill level 27 in Axes
    44 | D        | Reached XP level 23. HP: 196/201 MP: 0/0
    44 | D        | Learned a level 8 spell: Disjunction
    45 | D        | Reached skill level 27 in Spellcasting
    47 | D        | Reached skill level 15 in Maces & Flails
    47 | D        | Reached skill level 15 in Polearms
    47 | D        | Reached XP level 24. HP: 206/208 MP: 0/0
    47 | D        | Noticed an accursed
    47 | D        | Killed a destroyer
    49 | D        | Killed a large bag of meat
    49 | D        | Noticed an accursed
    52 | D        | Noticed a tyrant
    55 | D        | Reached skill level 27 in Unarmed Combat
    58 | D        | Noticed a dread
    60 | D        | Reached XP level 25. HP: 190/214 MP: 0/0
    60 | D        | Learned a level 8 spell: Necromutation
    60 | D        | Noticed a dread
    63 | D        | Killed a tyrant
    63 | D        | Noticed a destroyer
    64 | D        | Reached skill level 27 in Maces & Flails
    64 | D        | Reached skill level 27 in Polearms
    65 | D        | Reached XP level 26. HP: 218/221 MP: 0/0
    65 | D        | Killed an accursed
    65 | D        | Noticed a destroyer
    66 | D        | Reached skill level 27 in Staves
    67 | D        | Killed a destroyer
    68 | D        | Noticed a dread
    68 | D        | Killed a dread
    68 | D        | Killed a dread
    68 | D        | Noticed a destroyer
    69 | D        | Reached XP level 27. HP: 179/228 MP: 0/0
    69 | D        | Learned a level 9 spell: Dragon's Call
    69 | D        | Noticed a dread
    69 | D        | Noticed a destroyer
    71 | D        | Killed a dread
    71 | D        | Killed a destroyer
    72 | D        | Killed a destroyer
    73 | D        | Killed a destroyer
    74 | D        | Reached skill level 27 in Shields
    74 | D        | Reached skill level 27 in Evocations
    74 | D        | Noticed a tyrant
    75 | D        | Noticed a tyrant
    76 | D        | Noticed a destroyer
    76 | D        | Noticed a destroyer
    78 | D        | Noticed a meat beast
    79 | D        | Reached skill level 27 in Short Blades
    79 | D        | Reached skill level 27 in Long Blades
    79 | D        | Noticed a large bag of meat
    79 | D        | Noticed a destroyer
    79 | D        | Noticed a meat beast
    80 | D        | Noticed a meat beast
    80 | D        | Noticed a meat beast
    80 | D        | Killed a dread
    80 | D        | Noticed a destroyer
    81 | D        | Reached skill level 27 in Ranged Weapons
    82 | D        | Noticed an accursed
    82 | D        | Noticed a destroyer
    83 | D        | Killed a destroyer
    84 | D        | Killed a meat beast
    85 | D        | Killed an accursed
    85 | D        | Killed a destroyer
    85 | D        | Killed a destroyer
    85 | D        | Killed a destroyer
    86 | D        | Killed a destroyer
    86 | D        | Noticed The Servant
    87 | D        | Killed a meat beast
    87 | D        | Killed a tyrant
    88 | D        | Killed a large bag of meat
    89 | D        | Killed a tyrant
    89 | D        | Noticed a meat beast
    89 | D        | HP: 9/228 [meat berserker/+9 battleaxe (86)]
    90 | D        | Killed a meat beast
    91 | D        | Noticed an accursed
    92 | D        | Killed a meat beast
    92 | D        | Noticed a destroyer
    94 | D        | Killed a meat beast
    95 | D        | Noticed a large bag of meat
    96 | D        | Noticed a dread
    97 | D        | Killed an accursed
    98 | D        | Noticed a meat beast
    98 | D        | Noticed an accursed
   100 | D        | Noticed a meat beast
   101 | D        | Killed a destroyer
   101 | D        | Noticed a destroyer
   103 | D        | Killed a meat beast
   104 | D        | HP: 3/228 [The Servant/+9 glaive of flaming (34)]
   104 | D        | Noticed a dread
   105 | D        | Killed a meat beast
   105 | D        | Annihilated by The Servant

Illustrated notes

Levels and vault maps discovered:
D:        meatsprint

Skill      XL: |  1  2  3  4  5  6  7  8  9 10 11 12 13 14 15 16 17 18 19 20 21 22 23 24 25 26 27 |
---------------+----------------------------------------------------------------------------------+-----
Fighting       | 12 14 15 16 18 19 20 22 24 26 27 | 27.0
Throwing       | 10 11 12 14 15 16 17 19 20 22 24 27 | 27.0
Armour         | 12 14 15 16 18 19 20 22 24 26 27 | 27.0
Dodging        | 13 15 16 18 19 21 22 24 26 27 | 27.0
Unarmed Combat | 12 21 27 | 27.0
Spellcasting   | 10 11 12 13 14 15 16 17 19 21 22 26 27 | 27.0
Axes           | 5 7 9 11 13 14 16 18 20 22 27 | 27.0
Stealth        | 6 8 10 12 14 15 17 19 22 24 27 | 27.0
Invocations    | 6 8 11 13 15 17 19 21 24 26 27 | 27.0
Maces & Flails | 15 24 27 | 27.0
Polearms       | 15 24 27 | 27.0
Staves         | 21 27 | 27.0
Short Blades   | 18 27 | 27.0
Long Blades    | 18 27 | 27.0
Ranged Weapons | 17 27 | 27.0
Shields        | 20 27 | 27.0
Evocations     | 20 27 | 27.0

Action                     |  1- 3 |  4- 6 |  7- 9 | 10-12 | 13-15 | 16-18 | 19-21 | 22-24 | 25-27 || total
---------------------------+-------+-------+-------+-------+-------+-------+-------+-------+-------++-------
  Melee: Executioner's axe |     1 |       |       |     1 |     5 |     4 |     8 |    17 |    38 ||    74
   Cast: Call Imp          |       |       |       |       |       |     2 |       |       |       ||     2
         Summon Mana Viper |       |       |       |       |       |     1 |       |       |       ||     1
         Disjunction       |       |       |       |       |       |       |       |     1 |       ||     1
 Armour: Leather armour    |       |       |       |       |       |       |       |       |     2 ||     2
  Dodge: Dodged            |       |       |       |       |       |     1 |     1 |       |     5 ||     7

Table legend: (Time is in decaauts)
 A = Elapsed time spent in this place.
 B = Non-inter-level travel time spent in this place.
 C = Inter-level travel time spent in this place.
 D = Time resting spent in this place.
 E = Time spent auto-exploring this place.
 F = Levels seen in this place.
 G = Mean time per level.
                   A        B        C        D        E       F      G
               +--------+--------+--------+--------+--------+-----+--------+
         Total |     95 |     95 |      0 |      0 |      0 |   1 |   95.0 |
       Dungeon |     95 |     95 |      0 |      0 |      0 |   1 |   95.0 |
               +--------+--------+--------+--------+--------+-----+--------+

Top non-repeatable levels by time:
       D: 95 daAuts
